 Dungeon Crawl Stone Soup version 0.28.0 (webtiles) character file.

Game seed: 6861669844197704860

22 browni3141 the Sneak (level 2, -1/26 HPs)
             Began as a Ghoul Delver on Feb 7, 2022.
             Slain by a wyvern skeleton (12 damage)
             ... on level 6 of the Dungeon.
             The game lasted 00:01:51 (3473 turns).

browni3141 the Sneak (Ghoul Delver)                 Turns: 3473, Time: 00:01:51

Health: -1/26      AC:  4    Str: 15    XL:     2   Next: 91%
Magic:  1/1        EV: 11    Int:  5    God:
Gold:   12         SH:  0    Dex: 10    Spells: 1/1 levels left

rFire   . . .      SeeInvis .     - Unarmed
rCold   + . .      Faith    .   (no shield)
rNeg    + + +      Spirit   .   a - +0 leather armour
rPois   ∞          Reflect  .   (no helmet)
rElec   .          Harm     .   (no cloak)
rCorr   .          Rampage  .   (no gloves)
Will    .....                   g - +0 pair of boots
Stlth   +++.......              (no amulet)
HPRegen 0.00/turn               (no ring)
MPRegen 0.07/turn               (no ring)

@: inhibited regen
A: claws 1, cold resistance 1, negative energy resistance 3, inhibited
regeneration, torment resistance 2
a: no special abilities


You were on level 6 of the Dungeon.
You visited 1 branch of the dungeon, and saw 2 of its levels.

You collected 12 gold pieces.

Inventory:

Armour
 a - a +0 leather armour (worn)
 g - a +0 pair of boots (worn)
Wands
 f - a wand of digging (3)
Scrolls
 b - a scroll of fog
 c - a scroll of magic mapping
 d - a scroll of fear
 i - a scroll of identify {unknown}
Potions
 e - a potion of haste
 h - a potion of flight {unknown}


   Skills:
 * Level 3.6 Fighting
 - Level 2.1 Dodging
 - Level 5.7 Stealth
 - Level 2.6 Unarmed Combat


You had one spell level left.
You didn't know any spells.
Your spell library was empty.

Dungeon Overview and Level Annotations

Branches:
Dungeon (6/15)
 Temple: D:4-7

Altars:

Annotations:
D:5 exclusion: iguana


Innate Abilities, Weirdness & Mutations

You thrive by killing the living.
You are immune to poison.
You have sharp fingernails.
Your flesh is cold resistant. (rC+)
You are immune to negative energy. (rN+++)
You do not regenerate when monsters are visible.
You are immune to unholy pain and torment.


Message History

The wyvern skeleton is lightly damaged.
The wyvern skeleton bites you!
Ouch! That really hurt!
The wyvern skeleton closely misses you.
You climb upwards.
Level annotation: exclusion: iguana
There is a stone staircase leading down here.
You start resting.
HP restored.
You climb downwards.
The wyvern skeleton barely misses you. The wyvern skeleton closely misses you.
There is a stone staircase leading up here.
You scratch the wyvern skeleton.
The wyvern skeleton is lightly damaged.
The wyvern skeleton bites you but does no damage.
You claw the wyvern skeleton!
The wyvern skeleton is moderately damaged.
The wyvern skeleton bites you. The wyvern skeleton bites you!
The wyvern skeleton closely misses you.
You climb upwards.
Level annotation: exclusion: iguana
There is a stone staircase leading down here.
You start resting.
HP restored.
You climb downwards.
The wyvern skeleton misses you.
You hear a distant slurping noise.
The wyvern skeleton completely misses you.
There is a stone staircase leading up here.
You scratch the wyvern skeleton but do no damage.
The wyvern skeleton is moderately damaged.
The wyvern skeleton barely misses you.
You claw the wyvern skeleton!
The wyvern skeleton is severely damaged.
The wyvern skeleton bites you.
You scratch the wyvern skeleton.
The wyvern skeleton is severely damaged.
The wyvern skeleton barely misses you. The wyvern skeleton bites you!
Ouch! That really hurt!
The wyvern skeleton bites you!
You die...

#####'#....#
#.####.# #.# #
#.# ###'##
###....#
+++#......#
+.(.......#
#......@Z#
#........###.#
#............#
##...)###...##
+.....##...#
#.....######
#.....#
#######


You could see a wyvern skeleton.

Vanquished Creatures
  A killer bee zombie (D:6)
1 creature vanquished.

Notes
Turn   | Place    | Note
-------+----------+-------------------------------------------
     0 | D:5      | browni3141 the Ghoul Delver began the quest for the Orb.
     0 | D:5      | Reached XP level 1. HP: 19/19 MP: 0/0
     4 | D:5      | Noticed an iguana
    16 | D:5      | Noticed a phantom
    16 | D:5      | Noticed an iguana
  2815 | D:6      | Reached XP level 2. HP: 24/26 MP: 1/1
  3473 | D:6      | Slain by a wyvern skeleton

Illustrated notes

Levels and vault maps discovered:
D:5:      layout_loops_ring
D:6:      layout_basic, nicolae_sif_muna_little_library,
          grunt_temple_overflow_champion_of_chaos, temple_green,
          kennysheep_cross_bottleneck

Skill      XL: |  1 |
---------------+----+-----
Dodging        | 2 |  2.1
Fighting       | |  3.6
Stealth        | |  5.7
Unarmed Combat | |  2.6

Action                   || total
-------------------------++-------
Melee: Unarmed           ||    24
Armor: Leather armour    ||    10
Dodge: Dodged            ||    62
